TOP OF THE 1ST |
Aberdeen Ironbirds batting - Pitching for Mahoning Valley Scrappers : LHP Tony Flores
|
Pitching: LHP Tony Flores
|
|
Batting: RHB Kevin Popowicz
|
0-0: Foul Ball, location: 2F 0-1: Ball 1-1: Ball 2-1: Ball 3-1: Base on Balls
|
Batting: RHB Maup Gommers
|
0-0: Called Strike 0-1: Ball 1-1: Fly out, F9 (Flyball, 9, EV 93.1 MPH)
|
Pitching: RHP Mike Borell
|
|
Batting: RHB Jonathan Mendoza
|
0-0: Ball Kevin Popowicz steals 2nd base 1-0: Ball 2-0: Ball 3-0: Called Strike 3-1: Foul Ball, location: 2F 3-2: Foul Ball, location: 2F 3-2: Strikes out looking
|
Batting: LHB Sam Williams
|
0-0: Swinging Strike 0-1: Called Strike 0-2: Ball 1-2: Foul Ball, location: 2F 1-2: Ball 2-2: Foul Ball, location: 2F 2-2: Foul Ball, location: 2F 2-2: Ball 3-2: Base on Balls
|
Batting: RHB Alfredo Reguera
|
0-0: Ball 1-0: Called Strike 1-1: Ball 2-1: Ball 3-1: Fielders Choice at 2nd, 6-4 (Groundball, 6, EV 82.5 MPH)
|
Top of the 1st over - 0 runs, 0 hits, 0 errors, 2 left on base; Aberdeen 0 - Mahoning Valley 0 |
BOTTOM OF THE 1ST |
Mahoning Valley Scrappers batting - Pitching for Aberdeen Ironbirds : RHP Zhao-jun Zong
|
Pitching: RHP Zhao-jun Zong
|
|
Batting: RHB Jesus Montana
|
0-0: Foul Ball, location: 2F 0-1: Ball 1-1: Swinging Strike 1-2: Ball 2-2: Strikes out swinging, 2-3 out at first.
|
Batting: RHB Aaron Stout
|
0-0: Called Strike 0-1: Ball 1-1: Swinging Strike 1-2: Ball 2-2: Strikes out swinging
|
Batting: RHB John Shaffer
|
0-0: Called Strike 0-1: Swinging Strike 0-2: Ball 1-2: Strikes out swinging
|
Bottom of the 1st over - 0 runs, 0 hits, 0 errors, 0 left on base; Aberdeen 0 - Mahoning Valley 0 |
TOP OF THE 2ND |
Aberdeen Ironbirds batting - Pitching for Mahoning Valley Scrappers : RHP Mike Borell
|
Batting: LHB Vinny Rivera
|
0-0: Ball 1-0: TRIPLE (Flyball, 89XD, EV 110.0 MPH)
|
Batting: SHB Chris Wright
|
0-0: Called Strike 0-1: Ball 1-1: Called Strike 1-2: Ground out 5-3 (Groundball, 56, EV 78.1 MPH) Vinny Rivera scores
|
Batting: RHB Carlos Teniente
|
0-0: Ball 1-0: Foul Ball, location: 2F 1-1: Ground out 1-3 (Groundball, 15S, EV 63.1 MPH)
|
Batting: SHB Carlos Carrillo
|
0-0: Called Strike 0-1: SINGLE (Groundball, 34D, EV 104.4 MPH)
|
Batting: RHB Kevin Popowicz
|
0-0: Ball 1-0: Called Strike 1-1: Called Strike 1-2: Ball 2-2: Strikes out swinging
|
Top of the 2nd over - 1 run, 2 hits, 0 errors, 1 left on base; Aberdeen 1 - Mahoning Valley 0 |
BOTTOM OF THE 2ND |
Mahoning Valley Scrappers batting - Pitching for Aberdeen Ironbirds : RHP Zhao-jun Zong
|
Batting: LHB Matt Steinke
|
0-0: Ball 1-0: Called Strike 1-1: Foul Ball, location: 2F 1-2: Ground out 5-3 (Groundball, 56, EV 85.0 MPH)
|
Batting: LHB Dave Key
|
0-0: Ball 1-0: SINGLE (Line Drive, 78S, EV 95.0 MPH)
|
Batting: RHB Kevin Wiles
|
0-0: Ball 1-0: Called Strike 1-1: Fly out, F3 (Popup, 34S, EV 80.0 MPH)
|
Batting: RHB Nick Gossman
|
0-0: Ball Dave Key is caught stealing 2nd base 2-4
|
Bottom of the 2nd over - 0 runs, 1 hit, 0 errors, 0 left on base; Aberdeen 1 - Mahoning Valley 0 |
TOP OF THE 3RD |
Aberdeen Ironbirds batting - Pitching for Mahoning Valley Scrappers : RHP Mike Borell
|
Batting: RHB Maup Gommers
|
0-0: Ground out 5-3 (Groundball, 56, EV 110.0 MPH)
|
Batting: RHB Jonathan Mendoza
|
0-0: Called Strike 0-1: Ball 1-1: Foul Ball, location: 2F 1-2: Ground out 3-1 (Groundball, 34S, EV 75.6 MPH)
|
Batting: LHB Sam Williams
|
0-0: Called Strike 0-1: Swinging Strike 0-2: Strikes out swinging
|
Top of the 3rd over - 0 runs, 0 hits, 0 errors, 0 left on base; Aberdeen 1 - Mahoning Valley 0 |
BOTTOM OF THE 3RD |
Mahoning Valley Scrappers batting - Pitching for Aberdeen Ironbirds : RHP Zhao-jun Zong
|
Batting: RHB Nick Gossman
|
0-0: Ball 1-0: Called Strike 1-1: Ball 2-1: Ball 3-1: Base on Balls
|
Batting: RHB Jonathan Livingston
|
0-0: Ball Nick Gossman is caught stealing 2nd base 2-4 1-0: SINGLE (Line Drive, 7LM, EV 106.2 MPH)
|
Batting: RHB Juan Ordonez
|
0-0: DOUBLE (Line Drive, 89D, EV 111.2 MPH) Jonathan Livingston to third Runner from 3rd tries for Home, throw by CF and OUT! 8-4-2
|
Batting: RHB Jesus Montana
|
0-0: Fly out, F3 (Popup, 3SF, EV 70.6 MPH)
|
Bottom of the 3rd over - 0 runs, 2 hits, 0 errors, 1 left on base; Aberdeen 1 - Mahoning Valley 0 |
TOP OF THE 4TH |
Aberdeen Ironbirds batting - Pitching for Mahoning Valley Scrappers : RHP Mike Borell
|
Batting: RHB Alfredo Reguera
|
0-0: Foul Ball, location: 2F 0-1: Foul Ball, location: 2F 0-2: Ball 1-2: Ball 2-2: Ground out 1-3 (Groundball, 13S, EV 70.6 MPH)
|
Batting: LHB Vinny Rivera
|
0-0: Ball 1-0: Foul Ball, location: 2F 1-1: Ground out U3 (Groundball, 3, EV 88.1 MPH)
|
Batting: SHB Chris Wright
|
0-0: Foul Ball, location: 2F 0-1: Ball 1-1: SINGLE (Line Drive, 56D, EV 93.8 MPH)
|
Batting: RHB Carlos Teniente
|
0-0: Ball 1-0: Ball 2-0: Ball 3-0: Base on Balls Chris Wright to second
|
Batting: SHB Carlos Carrillo
|
0-0: Ball 1-0: Ball 2-0: Called Strike 2-1: Swinging Strike 2-2: Ball 3-2: Foul Ball, location: 2F 3-2: Base on Balls Chris Wright to third Carlos Teniente to second
|
Batting: RHB Kevin Popowicz
|
0-0: Ball 1-0: Swinging Strike 1-1: Ball 2-1: Swinging Strike 2-2: Fly out, F8 (Flyball, 8LD, EV 91.9 MPH)
|
Top of the 4th over - 0 runs, 1 hit, 0 errors, 3 left on base; Aberdeen 1 - Mahoning Valley 0 |
BOTTOM OF THE 4TH |
Mahoning Valley Scrappers batting - Pitching for Aberdeen Ironbirds : RHP Zhao-jun Zong
|
Batting: RHB Aaron Stout
|
0-0: Bunt missed! 0-1: Ball 1-1: Ball 2-1: Ball 3-1: Called Strike 3-2: Strikes out looking
|
Batting: RHB John Shaffer
|
0-0: Ball 1-0: Ball 2-0: Ball 3-0: Called Strike 3-1: Called Strike 3-2: Fly out, F9 (Line Drive, 9, EV 96.2 MPH)
|
Batting: LHB Matt Steinke
|
0-0: Called Strike 0-1: Foul Ball, location: 2F 0-2: Ground out U3 (Groundball, 3, EV 84.4 MPH)
|
Bottom of the 4th over - 0 runs, 0 hits, 0 errors, 0 left on base; Aberdeen 1 - Mahoning Valley 0 |
TOP OF THE 5TH |
Aberdeen Ironbirds batting - Pitching for Mahoning Valley Scrappers : RHP Mike Borell
|
Batting: RHB Maup Gommers
|
0-0: Ground out 2-3 (Groundball, 13S, EV 71.9 MPH)
|
Batting: RHB Jonathan Mendoza
|
0-0: Ground out 5-3 (Groundball, 56, EV 105.0 MPH)
|
Batting: LHB Sam Williams
|
0-0: Ground out 5-3 (Groundball, 5L, EV 81.2 MPH)
|
Top of the 5th over - 0 runs, 0 hits, 0 errors, 0 left on base; Aberdeen 1 - Mahoning Valley 0 |
BOTTOM OF THE 5TH |
Mahoning Valley Scrappers batting - Pitching for Aberdeen Ironbirds : RHP Zhao-jun Zong
|
Batting: LHB Dave Key
|
0-0: Called Strike 0-1: Ball 1-1: Ground out 4-3 (Groundball, 34, EV 83.8 MPH)
|
Batting: RHB Kevin Wiles
|
0-0: Ball 1-0: Ball 2-0: Fly out, F9 (Flyball, 89M, EV 81.9 MPH)
|
Batting: RHB Nick Gossman
|
0-0: Swinging Strike 0-1: Ball 1-1: Ball 2-1: Ground out 6-3 (Groundball, 6, EV 103.1 MPH)
|
Bottom of the 5th over - 0 runs, 0 hits, 0 errors, 0 left on base; Aberdeen 1 - Mahoning Valley 0 |
TOP OF THE 6TH |
Aberdeen Ironbirds batting - Pitching for Mahoning Valley Scrappers : RHP Mike Borell
|
Batting: RHB Alfredo Reguera
|
0-0: SINGLE (Groundball, 56D, EV 107.5 MPH) (infield hit)
|
Pitching: RHP Marcus Cox
|
|
Batting: LHB Vinny Rivera
|
0-0: Called Strike 0-1: Foul Ball, location: 2F 0-2: Ball 1-2: SINGLE (Line Drive, 56D, EV 95.0 MPH) Alfredo Reguera to second
|
Batting: SHB Chris Wright
|
0-0: Ball 1-0: Called Strike 1-1: Ball 2-1: Foul Ball, location: 2F 2-2: Strikes out swinging
|
Batting: RHB Carlos Teniente
|
0-0: Ball Alfredo Reguera steals 3rd base Vinny Rivera to second 1-0: Ball 2-0: Ball 3-0: Base on Balls
|
Batting: SHB Carlos Carrillo
|
0-0: Ball 1-0: Foul Ball, location: 2F 1-1: Foul Ball, location: 2F 1-2: Strikes out swinging
|
Batting: RHB Kevin Popowicz
|
0-0: Ball 1-0: Ball 2-0: Ball 3-0: Base on Balls Alfredo Reguera scores Vinny Rivera to third Carlos Teniente to second
|
Pinch Hitting: LHB Pat Fontana
|
0-0: Ball 1-0: Called Strike 1-1: Swinging Strike 1-2: Strikes out looking
|
Top of the 6th over - 1 run, 2 hits, 0 errors, 3 left on base; Aberdeen 2 - Mahoning Valley 0 |
BOTTOM OF THE 6TH |
Mahoning Valley Scrappers batting - Pitching for Aberdeen Ironbirds : RHP Zhao-jun Zong
|
Now at SS: Fernando Bravo
|
|
Batting: RHB Jonathan Livingston
|
0-0: Foul Ball, location: 2F 0-1: Called Strike 0-2: Ball 1-2: Fly out, F9 (Flyball, 89S, EV 95.6 MPH)
|
Batting: RHB Juan Ordonez
|
0-0: Swinging Strike 0-1: Ball 1-1: Swinging Strike 1-2: Strikes out looking
|
Batting: RHB Jesus Montana
|
0-0: Ball 1-0: Swinging Strike 1-1: Ball 2-1: Called Strike 2-2: Foul Ball, location: 2F 2-2: Strikes out looking
|
Bottom of the 6th over - 0 runs, 0 hits, 0 errors, 0 left on base; Aberdeen 2 - Mahoning Valley 0 |
TOP OF THE 7TH |
Aberdeen Ironbirds batting - Pitching for Mahoning Valley Scrappers : RHP Marcus Cox
|
Batting: RHB Jonathan Mendoza
|
0-0: Called Strike 0-1: Swinging Strike 0-2: Ball 1-2: Strikes out swinging
|
Batting: LHB Sam Williams
|
0-0: Ball 1-0: Ball 2-0: Foul Ball, location: 2F 2-1: Foul Ball, location: 2F 2-2: Fly out, F8 (Flyball, 8LM, EV 95.6 MPH)
|
Batting: RHB Alfredo Reguera
|
0-0: Called Strike 0-1: Reached on error, E6 (Groundball, 6M, EV 84.4 MPH)
|
Batting: LHB Vinny Rivera
|
0-0: Fly out, F7 (Flyball, 7S, EV 82.5 MPH)
|
Top of the 7th over - 0 runs, 0 hits, 1 error, 1 left on base; Aberdeen 2 - Mahoning Valley 0 |
BOTTOM OF THE 7TH |
Mahoning Valley Scrappers batting - Pitching for Aberdeen Ironbirds : RHP Zhao-jun Zong
|
Now in RF: Jeremy Nuzzo
|
|
Batting: RHB Aaron Stout
|
0-0: Ball 1-0: Swinging Strike 1-1: Called Strike 1-2: Ball 2-2: Foul Ball, location: 2F 2-2: Ground out 5-3 (Groundball, 56, EV 88.1 MPH)
|
Pitching: RHP Art Boulter
|
|
Batting: RHB John Shaffer
|
0-0: Swinging Strike 0-1: Ball 1-1: Swinging Strike 1-2: Foul Ball, location: 2F 1-2: Ball 2-2: Ball 3-2: Foul Ball, location: 2F 3-2: Foul Ball, location: 2F 3-2: DOUBLE (Line Drive, 89XD, EV 101.9 MPH)
|
Batting: LHB Matt Steinke
|
0-0: Ball 1-0: Fly out, F9 (Flyball, 9D, EV 105.0 MPH) Runner from 2nd tags up, SAFE at 3rd with throw by RF
|
Batting: LHB Dave Key
|
0-0: Foul Ball, location: 2F 0-1: Foul Ball, location: 2F 0-2: Ball 1-2: Ball 2-2: Ground out 6-3 (Groundball, 6, EV 83.8 MPH)
|
Bottom of the 7th over - 0 runs, 1 hit, 0 errors, 1 left on base; Aberdeen 2 - Mahoning Valley 0 |
TOP OF THE 8TH |
Aberdeen Ironbirds batting - Pitching for Mahoning Valley Scrappers : RHP Marcus Cox
|
Batting: SHB Chris Wright
|
0-0: Called Strike 0-1: Ball 1-1: Foul Ball, location: 2F 1-2: Ball 2-2: Ground out U3 (Groundball, 34, EV 81.9 MPH)
|
Batting: RHB Carlos Teniente
|
0-0: Ball 1-0: Ball 2-0: Called Strike 2-1: Called Strike 2-2: Foul Ball, location: 2F 2-2: SINGLE (Groundball, 34D, EV 106.9 MPH)
|
Pitching: LHP Alejandro Cabada
|
|
Batting: SHB Carlos Carrillo
|
0-0: Called Strike 0-1: Foul Ball, location: 2F 0-2: Foul Ball, location: 2F 0-2: Strikes out swinging
|
Batting: RHB Kevin Popowicz
|
0-0: Called Strike 0-1: Ball 1-1: Ball Passed Ball! Carlos Teniente to second 2-1: Ball 3-1: Fly out, F4 (Popup, 4, EV 60.6 MPH)
|
Top of the 8th over - 0 runs, 1 hit, 0 errors, 1 left on base; Aberdeen 2 - Mahoning Valley 0 |
BOTTOM OF THE 8TH |
Mahoning Valley Scrappers batting - Pitching for Aberdeen Ironbirds : RHP Art Boulter
|
Batting: RHB Kevin Wiles
|
0-0: Called Strike 0-1: Foul Ball, location: 2F 0-2: Strikes out looking
|
Batting: RHB Nick Gossman
|
0-0: Foul Ball, location: 2F 0-1: Foul Ball, location: 2F 0-2: Foul Ball, location: 2F 0-2: Ball 1-2: Ball 2-2: Foul Ball, location: 2F 2-2: Ball 3-2: Ground out 5-3 (Groundball, 56, EV 85.0 MPH)
|
Batting: RHB Jonathan Livingston
|
0-0: Swinging Strike 0-1: Ball 1-1: Ball 2-1: Foul Ball, location: 2F 2-2: Foul Ball, location: 2F 2-2: Ball 3-2: Foul Ball, location: 2F 3-2: Foul Ball, location: 2F 3-2: Strikes out swinging
|
Bottom of the 8th over - 0 runs, 0 hits, 0 errors, 0 left on base; Aberdeen 2 - Mahoning Valley 0 |
TOP OF THE 9TH |
Aberdeen Ironbirds batting - Pitching for Mahoning Valley Scrappers : LHP Alejandro Cabada
|
Batting: RHB Fernando Bravo
|
0-0: Called Strike 0-1: Fly out, F7 (Flyball, 78M, EV 81.9 MPH)
|
Batting: LHB Jeremy Nuzzo
|
0-0: Foul Ball, location: 2F 0-1: Foul Ball, location: 2F 0-2: Strikes out swinging
|
Batting: LHB Sam Williams
|
0-0: Ball 1-0: Foul Ball, location: 2F 1-1: TRIPLE (Line Drive, 89XD, EV 102.5 MPH)
|
Batting: RHB Alfredo Reguera
|
0-0: Ball 1-0: Ball 2-0: Swinging Strike 2-1: Swinging Strike 2-2: Strikes out swinging
|
Top of the 9th over - 0 runs, 1 hit, 0 errors, 1 left on base; Aberdeen 2 - Mahoning Valley 0 |
BOTTOM OF THE 9TH |
Mahoning Valley Scrappers batting - Pitching for Aberdeen Ironbirds : RHP Art Boulter
|
Pitching: LHP Ronnie Pickering
|
|
Batting: RHB Juan Ordonez
|
0-0: Ball 1-0: Fly out, F9 (Flyball, 9, EV 88.1 MPH)
|
Batting: RHB Jesus Montana
|
0-0: Swinging Strike 0-1: Called Strike 0-2: Ball 1-2: Strikes out swinging
|
Batting: RHB Aaron Stout
|
0-0: Ball 1-0: Foul Ball, location: 2F 1-1: Called Strike 1-2: Ball 2-2: Strikes out swinging
|
Bottom of the 9th over - 0 runs, 0 hits, 0 errors, 0 left on base; Aberdeen 2 - Mahoning Valley 0 |
|